 Dungeon Crawl Stone Soup version 0.23.2-1-ga50397a (webtiles) character file.

Game seed: 16535302162049354772

193537 Borgoz the Warrior (level 18, -6/132 HPs)
             Began as a Gargoyle Gladiator on May 14, 2019.
             Was the Champion of Ashenzari.
             Mangled by a swamp dragon (11 damage)
             ... called by a spriggan druid
             ... on level 4 of the Swamp.
             The game lasted 01:15:42 (28846 turns).

Borgoz the Warrior (Gargoyle Gladiator)            Turns: 28846, Time: 01:15:43

Health: -6/132     AC: 46    Str: 20    XL:     18   Next: 27%
Magic:  25/25      EV: 15    Int: 15    God:    Ashenzari [******]
Gold:   584        SH:  0    Dex: 21    Spells: 23/27 levels left

rFire    + . .     SeeInvis +   s - +9 great sword (flame)
rCold    + + .     Gourm    .   (shield currently unavailable)
rNeg     + + +     Faith    .   K - +0 plate armour "Deqeicw" {Dex+4}
rPois    ∞         Spirit   .   z - +1 helmet
rElec    +         Reflect  .   p - +1 cloak
rCorr    .         Harm     .   x - +3 pair of gloves of Joy {rN+}
MR       +++..     Clarity  +   n - +1 pair of boots Stlth ..........NoTele +
                                e - amulet of the acrobat
HPRegen  0.72/turn              v - ring "Foitat Osico" {rF+ rN+ EV+3 Int+6}
MPRegen  0.19/turn              k - ring of Uskayaw's Generosity {-Tele rC++ MR++ AC+3}

@: grasped by roots, flying, constricted
A: big wings, clarity, negative energy resistance 1, regeneration 1, robust 1,
electricity resistance, unbreathing, petrification resistance, rot immunity,
subdued magic 1, AC +13
}: 1/15 runes: decaying
a: Stop Flying, Curse Item, Scrying, Transfer Knowledge, Renounce Religion


You were on level 4 of the Swamp.
You worshipped Ashenzari.
Ashenzari was exalted by your worship.
You were not hungry.

You visited 6 branches of the dungeon, and saw 30 of its levels.
You also visited: Sewer, Ossuary, Gauntlet, Ice Cave and Volcano.

You collected 2978 gold pieces.
You spent 2394 gold pieces at shops.

Inventory:

Hand Weapons
 s - a +9 great sword of flaming (weapon)
Missiles
 t - 3 throwing nets (quivered)
Armour
 n - a +1 pair of boots (worn)
 p - a +1 cloak (worn)
 x - the +3 pair of gloves of Joy (worn) {rN+}
   (You bought it in a shop on level 2 of the Orcish Mines)

   It protects you from negative energy.
 z - a +1 helmet (worn)
 K - the +0 plate armour "Deqeicw" (worn) {Dex+4}
   (You found it in a Gauntlet)

   It affects your dexterity (+4).
 Q - +3 fire dragon scales
Jewellery
 e - an amulet of the acrobat (around neck)
 k - the ring of Uskayaw's Generosity (right hand) {-Tele rC++ MR++ AC+3}
   (You found it in a Gauntlet)

   [ring of protection]

   It affects your AC (+3).
   It greatly protects you from cold.
   It affects your resistance to hostile enchantments.
   It prevents most forms of teleportation.
 v - the ring "Foitat Osico" (left hand) {rF+ rN+ EV+3 Int+6}
   (You bought it in a shop on level 1 of the Elven Halls)

   [ring of evasion]

   It affects your evasion (+3).
   It affects your intelligence (+6).
   It protects you from fire.
   It protects you from negative energy.
 y - a +4 ring of strength
 R - an uncursed ring of protection from cold
Wands
 a - a wand of disintegration (39)
 b - a wand of flame (19)
 i - a wand of clouds (2)
 o - a wand of iceblast (29)
 w - a wand of acid (6)
 B - a wand of enslavement (12)
 C - a wand of paralysis (1)
Scrolls
 c - 3 scrolls of magic mapping
 d - a scroll of enchant weapon
 g - 16 scrolls of identify
 m - 6 scrolls of remove curse
 q - a scroll of amnesia
 u - 2 scrolls of blinking
 A - a scroll of enchant armour
 E - 8 scrolls of fog
 F - 11 scrolls of teleportation
 G - a scroll of brand weapon
 H - 6 scrolls of fear
Potions
 h - a potion of mutation
 j - 6 potions of curing
 l - 3 potions of cancellation
 r - 5 potions of resistance
 I - a potion of agility
 P - 3 potions of might
 U - a potion of haste
Comestibles
 f - 56 rations


   Skills:
 * Level 16.2 Fighting
 * Level 14.1 Long Blades
 - Level 5.0 Throwing
 * Level 16.1 Armour
 * Level 13.1 Dodging
 - Level 5.0 Stealth
 - Level 5.0 Spellcasting
 + Level 4.7 Hexes
 - Level 5.0 Evocations


You had 23 spell levels left.
You knew the following spells:

 Your Spells              Type           Power        Failure   Level  Hunger
a - Confusing Touch       Hex            ##....       21%         1    None
b - Confuse               Hex            ##......     52%         3    ###....

Your spell library contained the following spells:

 Spells                   Type           Power        Failure   Level  Hunger
 Slow                     Hex            ##......     30%         2    ##.....
 Animate Skeleton         Necr           N/A          83%         1    None
 Magic Dart               Conj           #...         83%         1    None
 Pain                     Necr           #...         83%         1    None
 Sandblast                Erth           #.....       83%         1    None
 Summon Small Mammal      Summ           #...         83%         1    None
 Summon Guardian Golem    Hex/Summ       #.......     86%         3    ###....
 Blink                    Tloc           N/A          92%         2    ##.....
 Call Imp                 Summ           #.......     92%         2    ##.....
 Passwall                 Tmut/Erth      #.......     92%         2    ##.....
 Swiftness                Chrm/Air       #.......     92%         2    ##.....
 Call Canine Familiar     Summ           #.......     99%         3    ###....
 Conjure Flame            Conj/Fire      #.......     99%         3    ###....
 Gell's Gravitas          Tloc           #.........   99%         3    ###....
 Ignite Poison            Fire/Tmut/Pois #.......     99%         3    ###....
 Mephitic Cloud           Conj/Pois/Air  #.......     99%         3    ###....
 Recall                   Summ/Tloc      N/A          99%         3    ###....
 Regeneration             Chrm/Necr      #.........   99%         3    ###....
 Static Discharge         Conj/Air       #.......     99%         3    ###....
 Stone Arrow              Conj/Erth      #.....       99%         3    ###....
 Vampiric Draining        Necr           #.........   99%         3    ###....
 Animate Dead             Necr           N/A          100%        4    ####...
 Passage of Golubria      Tloc           N/A          100%        4    ####...
 Petrify                  Tmut/Erth      #.......     100%        4    ####...
 Summon Ice Beast         Ice/Summ       #.......     100%        4    ####...
 Summon Lightning Spire   Summ/Air       #.......     100%        4    ####...
 Aura of Abjuration       Summ           #.........   100%        5    ######.
 Fireball                 Conj/Fire      #.........   100%        5    ######.
 Lee's Rapid Deconstruct  Erth           #.........   100%        5    ######.
 Lightning Bolt           Conj/Air       #.........   100%        5    ######.
 Metabolic Englaciation   Hex/Ice        #.........   100%        5    ######.
 Silence                  Hex/Air        #.........   100%        5    ######.
 Summon Demon             Summ           #.........   100%        5    ######.
 Summon Forest            Summ/Tloc      #.........   100%        5    ######.
 Summon Mana Viper        Hex/Summ       #.......     100%        5    ######.
 Yara's Violent Unravell  Hex/Tmut       #.........   100%        5    ######.
 Bolt of Fire             Conj/Fire      #.........   100%        6    #######
 Conjure Ball Lightning   Conj/Air       #.........   100%        6    #######
 Darkness                 Hex            ##........   100%        6    #######
 Deflect Missiles         Chrm/Air       #.........   100%        6    #######
 Invisibility             Hex            ##......     100%        6    #######
 Shadow Creatures         Summ           N/A          100%        6    #######
 Ring of Flames           Chrm/Fire      #.........   100%        7    #######
 Ignition                 Fire           #.........   100%        8    #######
 Shatter                  Erth           #.........   100%        9    #######
 Tornado                  Air            #.........   100%        9    #######


Dungeon Overview and Level Annotations

Branches:
Dungeon (15/15)            Temple (1/1) D:5            Lair (6/6) D:8
  Swamp (4/4) Lair:4        Snake (0/4) Lair:2        Slime (0/5) Lair:6
    Orc (2/2) D:9             Elf (2/3) Orc:2        Vaults (0/5) D:14
 Depths (0/5) D:15

Altars:
Ashenzari
Cheibriados
Dithmenos
Elyvilon
Fedhas
Gozag
Hepliaklqana
Kikubaaqudgha
Makhleb
Nemelex Xobeh
Okawaru
Qazlal
Ru
Sif Muna
Trog
Uskayaw
Vehumet
Wu Jian
Xom
Yredelemnul
Zin
The Shining One
Beogh

Shops:
D:4 (   D:10 %   D:15 %   Orc:2 [(?:*   Elf:1 }=}


Innate Abilities, Weirdness & Mutations

You are resistant to torment.
Your stone body is resilient. (AC +13)
You are immune to poison.
Your large and strong wings let you fly indefinitely.
You resist negative energy. (rN+)
You are resistant to electric shocks. (rElec)
You can survive without breathing.
You are immune to petrification.
You are immune to rotting.
You possess an exceptional clarity of mind.
Your natural rate of healing is unusually fast.
You are robust. (+10% HP)
Your spells are a little easier to cast, but a little less powerful.


Message History

You slash the vampire mosquito! You burn the vampire mosquito.
You destroy the vampire mosquito!
The swamp dragon barely misses you. The swamp dragon closely misses you.
The swamp dragon tramples you.
* * * LOW HITPOINT WARNING * * *
You are shoved backwards!
The grasping roots release their grip on you.
A four-headed hydra comes into view.
The four-headed hydra roars!
You see here 22 stones.
Really quaff the potion of mutation? [Y]es or [N]o only, please.
Really quaff the potion of mutation?
Okay, then.
You feel better.
Roots burst forth from the earth!
The grasping roots grab you! The grasping roots constrict you.
The swamp dragon bites you!
* * * LOW HITPOINT WARNING * * *
The swamp dragon claws you!
You die...

* * ♣♣≈♣≈♣.♣♣ ♣ ♣.♣♣*
♣♣♣.≈.††≈.♣♣♣ ....♣♣♣♣♣♣
♣§≈.##[##≈..♣
♣≈..≈≈♣§♣.♣♣♣.♣##...##♣≈♣
*≈.≈..♣..≈..♣.≈##.....##..
*♣..≈≈≈..♣≈≈D$♣#.......#♣♣
♣♣.≈≈.≈.♣≈≈≈♣##.......###
♣...≈≈≈≈.≈≈.♣#.........## *
*♣ ♣.≈.≈..@≈≈♣##...[.....#*
* ,
≈.♣≈§..≈≈D.§♣##..(......## *
,≈...≈§..../(f≈♣##PPPPPPP##♣
≈ *
≈..$.≈..≈$)≈.♣####PPP###♣≈
≈...≈≈....≈≈..♣* #####*♣≈≈ ≈
** ,≈≈≈....≈†≈.§.≈.≈♣* ♣≈.♣
, ,, ,,≈..≈♣..?≈≈....(≈≈*
***..♣* ≈.........≈.≈..[...
*{ .. . * * ,,
.≈≈.≈..≈...≈.≈≈$..,{≈ ≈,


You could see a shambling mangrove, a four-headed hydra and a swamp dragon.

Vanquished Creatures
  Jorgrun (D:9)
  Rupert (Lair:4)
  Kirke (Lair:4)
  Agnes (Elf:1)
  5 thorn hunters
  A frost giant (D:15)
  A deep elf sorcerer (Elf:1)
  2 orc warlords
  A very ugly thing (D:12)
  A stone giant (Orc:2)
  The ghost of kolakolka the Severer, a journeyman MiFi of Qazlal (D:15)
  3 deep elf demonologists
  A red draconian (Volcano)
  A dire elephant (Lair:3)
  A minotaur (Gauntlet)
  Snorg (D:10)
  A deep elf death mage (Elf:1)
  A fire dragon (Lair:6)
  Josephine (D:11)
  The ghost of Aske the Carver, a journeyman GrGl of Ashenzari (Lair:2)
  Erolcha (D:12)
  27 hydras
  3 shambling mangroves
  3 centaur warriors
  9 two-headed ogres
  17 alligators
  A tengu warrior (D:15)
  2 orc high priests
  Urug (Orc:2)
  5 dancing weapons
  2 deep elf knights
  A wretched star (Gauntlet)
  A thrashing horror (Gauntlet)
  A fire crab (shapeshifter) (D:13)
  A salamander mystic (Volcano)
  3 spriggan druids
  An unseen horror (D:15)
  An orange crystal statue (D:15)
  14 swamp dragons
  3 deep elf archers
  A lindwurm (Lair:6)
  A wolf spider zombie (D:12)
  4 wizards
  5 orc knights
  9 ugly things
  2 orc sorcerers (Orc:2)
  17 deep elf magi
  5 salamanders (Volcano)
  A manticore (D:15)
  A salamander (shapeshifter) (D:15)
  6 cyclopes
  16 elephants (Lair:3)
  2 ice statues (IceCv)
  Maurice (D:12)
  2 black mambas
  2 centaur zombies
  3 molten gargoyles (Lair:6)
  Psyche (D:11)
  3 gargoyles
  21 spiny frogs
  A torpor snail (Lair:4)
  8 komodo dragons
  2 kobold demonologists (D:15)
  A yaktaur (D:15)
  2 minotaur zombies (Gauntlet)
  A queen bee (Lair:2)
  7 ice devils (IceCv)
  9 hornets
  2 polar bears (Lair:5)
  13 trolls
  10 tyrant leeches
  4 bog bodies
  3 hippogriffs
  10 dream sheep
  16 slime creatures
  18 blink frogs
  An air elemental (Elf:2)
  3 shadows (D:13)
  9 spriggans
  A water elemental (Elf:1)
  9 wyverns
  22 yaks
  6 wraiths
  3 hogs (Lair:4)
  2 humans (shapeshifter)
  4 basilisks
  2 fire elementals (Elf:1)
  35 vampire mosquitoes
  3 nagas (Lair:2)
  6 insubstantial wisps (Swamp:3)
  8 wargs
  17 swamp worms
  Edmund (D:4)
  3 hell hounds (Lair:6)
  7 water moccasins
  12 porcupines
  32 orc warriors
  4 ice beasts
  10 swamp drakes
  3 black bears
  Purgy (Sewer)
  6 sky beasts
  A phantom (D:6)
  A necrophage (D:9)
  5 small abominations (Gauntlet)
  5 wolves (Lair:1)
  4 boggarts (Lair:5)
  7 centaurs
  11 ogres
  17 crocodiles
  2 big kobolds
  2 elf zombies (Ossuary)
  8 bullfrogs
  Blork the orc (D:4)
  An earth elemental (Elf:2)
  2 scorpions
  15 wights
  6 killer bees (Lair:2)
  6 electric eels (Lair:4)
  6 howler monkeys
  4 crimson imps
  5 lava snakes (Lair:6)
  8 hounds
  A human zombie (Ossuary)
  7 jellies
  A bullfrog zombie (D:8)
  2 centaur skeletons
  2 bullfrog skeletons
  27 orc priests
  A gnoll shaman (D:5)
  25 orc wizards
  Terence (D:2)
  3 iguanas
  11 worker ants
  A big kobold zombie (Ossuary)
  A hound zombie (D:5)
  A hound skeleton (D:6)
  Robin (D:3)
  2 mummies (Ossuary)
  15 gnolls
  2 howler monkey skeletons
  7 adders
  8 shadow imps
  8 white imps (IceCv)
  8 ufetubi (IceCv)
  8 oozes
  3 adder zombies
  3 worms
  3 dart slugs
  2 leopard geckos
  91 orcs
  2 ball pythons
  11 giant cockroaches
  12 goblins
  10 hobgoblins
  10 jackals
  23 kobolds
  3 quokkas
  7 bats
  3 frilled lizards
  2 goblin zombies (Ossuary)
  8 hobgoblin zombies (Ossuary)
  10 kobold zombies (Ossuary)
  9 orc zombies (Ossuary)
  A quokka skeleton (D:4)
  9 rats
  2 rat zombies (Ossuary)
  5 briar patches
1033 creatures vanquished.

Vanquished Creatures (others)
  A reaper (IceCv)
  A kobold demonologist (D:15)
  3 white imps (IceCv)
  An ufetubus (IceCv)
  2 orcs (Orc:1)
  A bat (D:3)
  2 briar patches
  3 demonic plants (Gauntlet)
  17 fungi
  18 plants
49 creatures vanquished.

Grand Total: 1082 creatures vanquished

Notes
Turn   | Place    | Note
-------+----------+-------------------------------------------
     0 | D:1      | Borgoz the Gargoyle Gladiator began the quest for the Orb.
     0 | D:1      | Reached XP level 1. HP: 12/12 MP: 1/1
   154 | D:1      | Reached XP level 2. HP: 15/18 MP: 2/2
   413 | D:1      | Reached skill level 1 in Armour
   464 | D:1      | Reached XP level 3. HP: 19/22 MP: 3/3
   528 | D:1      | Found a sparkling altar of Nemelex Xobeh.
   863 | D:2      | Noticed Terence
   872 | D:2      | Killed Terence
   872 | D:2      | Reached XP level 4. HP: 27/27 MP: 4/4
   981 | D:2      | Reached skill level 1 in Stealth
  1183 | D:2      | Found a bloodstained altar of Trog.
  1336 | D:3      | Reached skill level 1 in Spellcasting
  1336 | D:3      | Reached XP level 5. HP: 32/32 MP: 6/6
  1494 | D:3      | Found a glowing drain.
  1519 | Sewer    | Entered a sewer
  1572 | Sewer    | Noticed Purgy
  1581 | Sewer    | Killed Purgy
  1581 | Sewer    | Reached XP level 6. HP: 37/37 MP: 7/7
  1837 | D:3      | Noticed Robin
  1859 | D:3      | Killed Robin
  2422 | D:4      | Found Godic's Antique Weapon Boutique.
  2667 | D:4      | Reached XP level 7. HP: 30/42 MP: 9/9
  2714 | D:4      | Noticed Edmund
  2736 | D:4      | Killed Edmund
  2750 | D:4      | Found a sand-covered staircase.
  2768 | Ossuary  | Entered an ossuary
  2921 | Ossuary  | Gained mutation: You possess an exceptional clarity of
                  | mind. [potion of mutation]
  2921 | Ossuary  | Gained mutation: You are clumsy. (Dex -2) [potion of
                  | mutation]
  2921 | Ossuary  | Gained mutation: You occasionally shout uncontrollably at
                  | your foes. [potion of mutation]
  2921 | Ossuary  | Gained mutation: Your natural rate of healing is unusually
                  | fast. [potion of mutation]
  3037 | D:4      | Reached XP level 8. HP: 24/48 MP: 9/11
  3415 | D:4      | Noticed Blork the orc
  3427 | D:4      | Killed Blork the orc
  3945 | D:5      | Entered Level 5 of the Dungeon
  4106 | D:5      | Reached skill level 5 in Fighting
  4293 | D:5      | Found a staircase to the Ecumenical Temple.
  4357 | Temple   | Entered the Ecumenical Temple
  4506 | Temple   | Became a worshipper of Ashenzari the Shackled
  4820 | D:6      | Found a burning altar of Makhleb.
  4822 | D:6      | Found a blossoming altar of Fedhas.
  4824 | D:6      | Found a sacrificial altar of Ru.
  5326 | D:6      | Reached skill level 5 in Long Blades
  5326 | D:6      | Reached skill level 5 in Armour
  5326 | D:6      | Reached XP level 9. HP: 54/54 MP: 11/13
  5538 | D:7      | Reached * piety under Ashenzari
  5539 | D:7      | Found a shattered altar of Ashenzari.
  5704 | D:7      | Reached skill level 5 in Dodging
  5946 | D:7      | Found a shimmering altar of Xom.
  6994 | D:8      | Found a staircase to the Lair.
  7023 | D:8      | Noticed a two-headed ogre
  7038 | D:8      | Killed a two-headed ogre
  7038 | D:8      | Reached skill level 1 in Evocations
  7700 | D:9      | Reached XP level 10. HP: 54/61 MP: 15/15
  7715 | D:9      | Reached ** piety under Ashenzari
  8011 | D:9      | Found an ancient bone altar of Kikubaaqudgha.
  8018 | D:9      | Found a staircase to the Orcish Mines.
  8073 | D:9      | Reached skill level 5 in Stealth
  8750 | D:10     | Entered Level 10 of the Dungeon
  8765 | D:10     | Noticed a gargoyle
  8784 | D:10     | Killed a gargoyle
  8957 | D:10     | Found Zutain's Food Emporium.
  9031 | D:10     | Reached XP level 11. HP: 68/68 MP: 17/17
  9092 | D:10     | Noticed a two-headed ogre
  9110 | D:10     | Killed a two-headed ogre
  9238 | D:10     | Noticed a two-headed ogre
  9248 | D:10     | Killed a two-headed ogre
  9255 | D:10     | Found a hide-covered altar of Uskayaw.
  9293 | D:10     | Reached skill level 5 in Throwing
  9483 | D:10     | Noticed Snorg
  9501 | D:10     | Killed Snorg
  9786 | D:11     | Noticed a red ugly thing
  9805 | D:10     | Killed a red ugly thing
  9911 | D:11     | Noticed Josephine
  9921 | D:11     | Noticed a cyclops
  9930 | D:11     | Killed Josephine
  9985 | D:11     | Killed a cyclops
 10046 | D:11     | Noticed Psyche
 10053 | D:11     | Killed Psyche
 10053 | D:11     | Reached skill level 5 in Spellcasting
 10335 | D:11     | Noticed a two-headed ogre
 10336 | D:11     | Reached XP level 12. HP: 74/76 MP: 19/19
 10345 | D:11     | Killed a two-headed ogre
 10371 | D:11     | Lost mutation: You possess an exceptional clarity of mind.
                  | [potion of mutation]
 10371 | D:11     | Lost mutation: You are clumsy. (Dex -2) [potion of
                  | mutation]
 10371 | D:11     | Lost mutation: You occasionally shout uncontrollably at
                  | your foes. [potion of mutation]
 10371 | D:11     | Gained mutation: You possess an exceptional clarity of
                  | mind. [potion of mutation]
 10371 | D:11     | Gained mutation: Your spells are a little easier to cast,
                  | but a little less powerful. [potion of mutation]
 10371 | D:11     | Gained mutation: You are robust. (+10% HP) [potion of
                  | mutation]
 10830 | D:12     | Noticed Erolcha
 10835 | D:12     | Killed Erolcha
 11269 | D:12     | Reached *** piety under Ashenzari
 11492 | D:12     | Noticed Maurice
 11492 | D:12     | Paralysed by Maurice for 6 turns
 11500 | D:12     | Paralysed by Maurice for 6 turns
 11511 | D:12     | Paralysed by Maurice for 2 turns
 11517 | D:12     | Killed Maurice
 11554 | D:12     | Reached skill level 10 in Fighting
 11678 | D:12     | Noticed a purple very ugly thing
 11691 | D:12     | Killed a purple very ugly thing
 11691 | D:12     | Reached skill level 10 in Armour
 11762 | D:12     | Paralysed by a wizard for 5 turns
 11770 | D:12     | Paralysed by a wizard for 4 turns
 12022 | D:13     | Found a gate leading to a gauntlet.
 12064 | Gauntlet | Entered a Gauntlet
 12064 | Gauntlet | Found a large runed translucent door.
 12064 | Gauntlet | Found a large runed translucent door.
 12064 | Gauntlet | Found a large runed translucent door.
 12064 | Gauntlet | Found a large runed translucent door.
 12064 | Gauntlet | Found a runed translucent door.
 12064 | Gauntlet | Found a large runed translucent door.
 12064 | Gauntlet | Found a large runed translucent door.
 12064 | Gauntlet | Found a transporter.
 12064 | Gauntlet | Found a transporter.
 12064 | Gauntlet | Found a large runed translucent door.
 12064 | Gauntlet | Found a large runed translucent door.
 12064 | Gauntlet | Found a runed translucent gate.
 12064 | Gauntlet | Found a runed translucent gate.
 12064 | Gauntlet | Found a transporter.
 12064 | Gauntlet | Noticed a tengu warrior
 12069 | Gauntlet | Found a runed translucent door.
 12069 | Gauntlet | Found a runed translucent gate.
 12070 | Gauntlet | Found a large runed translucent door.
 12070 | Gauntlet | Found a large runed translucent door.
 12070 | Gauntlet | Found a large runed translucent door.
 12070 | Gauntlet | Found a large runed translucent door.
 12071 | Gauntlet | Found a large runed translucent door.
 12071 | Gauntlet | Found a large runed translucent door.
 12072 | Gauntlet | Found a large runed translucent door.
 12072 | Gauntlet | Found a large runed translucent door.
 12076 | Gauntlet | Found a transporter.
 12088 | Gauntlet | Found a transporter.
 12102 | Gauntlet | Found a transporter.
 12112 | Gauntlet | Found a transporter.
 12158 | Gauntlet | Found a transporter.
 12164 | Gauntlet | Found a transporter.
 12178 | Gauntlet | Found a transporter.
 12178 | Gauntlet | Noticed a wretched star
 12181 | Gauntlet | Found a transporter.
 12185 | Gauntlet | Found a transporter.
 12246 | Gauntlet | Noticed a thrashing horror
 12265 | Gauntlet | Identified the ring of Uskayaw's Generosity {-Tele rC++
                  | MR++ AC+3}
 12319 | Gauntlet | Killed a thrashing horror
 12319 | Gauntlet | Reached skill level 5 in Evocations
 12319 | Gauntlet | Reached XP level 13. HP: 91/91 MP: 20/20
 12336 | Gauntlet | Got the cursed hat of Boredom {MR+}
 12344 | Gauntlet | Identified the cursed -5 hat of Boredom {MR+} (You found it
                  | in a Gauntlet)
 12435 | Gauntlet | Identified the +11 halberd "Ilosk" {chop, rElec Int-4 Dex+3
                  | SInv}
 12435 | Gauntlet | Noticed a minotaur
 12453 | Gauntlet | Killed a minotaur
 12461 | Gauntlet | Got the cursed plate armour "Deqeicw" {Dex+4}
 12472 | Gauntlet | Identified the cursed +0 plate armour "Deqeicw" {Dex+4}
                  | (You found it in a Gauntlet)
 13392 | D:14     | Reached **** piety under Ashenzari
 13403 | D:14     | Found a snail-covered altar of Cheibriados.
 13526 | D:14     | Found a gate to the Vaults.
 13782 | D:14     | Reached skill level 10 in Long Blades
 14318 | Lair:1   | Entered Level 1 of the Lair of Beasts
 15042 | Lair:1   | Identified a scroll of acquirement
 15214 | Lair:2   | Gained mutation: Your large and strong wings let you fly
                  | indefinitely. [Gargoyle growth]
 15214 | Lair:2   | Reached XP level 14. HP: 100/100 MP: 21/21
 15314 | Lair:2   | Reached ***** piety under Ashenzari
 15505 | Lair:2   | Found a staircase to the Snake Pit.
 15601 | Lair:2   | Found a transporter.
 15604 | Lair:2   | Noticed Aske's ghost (journeyman GrGl)
 15647 | Lair:2   | Found a transporter.
 15677 | Lair:2   | Killed Aske's ghost
 16175 | Lair:3   | Found a frozen archway.
 16201 | IceCv    | Entered an ice cave
 16258 | IceCv    | Killed a reaper
 16711 | Lair:3   | Reached skill level 10 in Dodging
 16877 | Lair:3   | Noticed a dire elephant
 16889 | Lair:3   | Killed a dire elephant
 17410 | Lair:4   | Noticed Kirke
 17431 | Lair:4   | Killed Kirke
 17500 | Lair:4   | Noticed Rupert
 17513 | Lair:4   | Killed Rupert
 17541 | Lair:4   | Found a staircase to the Swamp.
 17675 | Lair:4   | Identified the +5 hunting sling of the Slime-mould {venom,
                  | *Corrode rPois rF+}
 17715 | Lair:4   | Reached XP level 15. HP: 107/107 MP: 22/22
 18835 | Lair:6   | Entered Level 6 of the Lair of Beasts
 18959 | Lair:6   | Found a staircase to the Slime Pits.
 19139 | Lair:6   | Found a large runed translucent door.
 19140 | Lair:6   | Found a large runed translucent door.
 19722 | Lair:6   | Reached ****** piety under Ashenzari
 20461 | D:15     | Entered Level 15 of the Dungeon
 20683 | D:15     | Found a staircase to the Depths.
 20683 | D:15     | Noticed a frost giant
 20691 | D:15     | Killed a frost giant
 20863 | D:15     | Found Laam Qof's Food Boutique.
 20955 | D:15     | Found a runed translucent door.
 21005 | D:15     | Found a runed translucent door.
 21072 | D:15     | Found a runed translucent door.
 21103 | D:15     | Found a blossoming altar of Fedhas.
 21104 | D:15     | Found a runed translucent door.
 21113 | D:15     | Found a runed translucent gate.
 21116 | D:15     | Noticed kolakolka's ghost (journeyman MiFi)
 21118 | D:15     | Found a runed translucent gate.
 21118 | D:15     | Found a runed translucent gate.
 21141 | D:15     | Killed kolakolka's ghost
 21763 | D:4      | Bought a runed executioner's axe for 325 gold pieces
 21894 | Orc:1    | Entered Level 1 of the Orcish Mines
 21894 | Orc:1    | Noticed an orc warlord
 21904 | Orc:1    | Noticed Jorgrun
 21956 | D:9      | Killed an orc warlord
 22010 | D:9      | Killed Jorgrun
 22088 | Orc:1    | Found a dark tunnel.
 22096 | Volcano  | Entered a volcano
 22153 | Volcano  | Reached XP level 16. HP: 116/116 MP: 23/23
 22606 | Orc:2    | Entered Level 2 of the Orcish Mines
 22917 | Orc:2    | Noticed Urug
 23171 | Orc:2    | Found Toled's Magic Scroll Emporium.
 23357 | Orc:2    | Killed Urug
 23401 | Orc:2    | Found a roughly hewn altar of Beogh.
 23404 | Orc:2    | Found Giroh Dasm's Book Shoppe.
 23412 | Orc:2    | Found Jonu Xoul's General Store.
 23424 | Orc:2    | Found a staircase to the Elven Halls.
 23472 | Orc:2    | Bought a scroll of teleportation for 36 gold pieces
 23502 | Orc:2    | Found Boxumom's Antique Armour Shoppe.
 23508 | Orc:2    | Bought a pair of crude gloves for 304 gold pieces
 23513 | Orc:2    | Identified the +3 pair of gloves of Joy {rN+} (You bought
                  | it in a shop on level 2 of the Orcish Mines)
 23650 | Orc:2    | Found Duaseg's Antique Weapon Shoppe.
 23862 | Orc:2    | Bought a book of Misfortune for 340 gold pieces
 23864 | Orc:2    | Learned a level 1 spell: Confusing Touch
 23868 | Orc:2    | Learned a level 3 spell: Confuse
 23883 | Orc:2    | Bought a scroll of enchant weapon for 105 gold pieces
 23883 | Orc:2    | Bought a scroll of enchant weapon for 105 gold pieces
 23883 | Orc:2    | Bought a scroll of remove curse for 42 gold pieces
 23883 | Orc:2    | Bought a scroll of magic mapping for 49 gold pieces
 23932 | Orc:2    | Bought a potion of mutation for 96 gold pieces
 23932 | Orc:2    | Bought a ration for 60 gold pieces
 24135 | Elf:1    | Entered Level 1 of the Elven Halls
 24329 | Elf:1    | Reached skill level 1 in Hexes
 24541 | Elf:1    | Identified the ring "Webloz" {rN+ EV+5}
 24789 | Elf:1    | Found Zoidghy's Gadget Boutique.
 24789 | Elf:1    | Found Fegut's Jewellery Shoppe.
 24791 | Elf:1    | Found Cigolex's Gadget Boutique.
 24808 | Elf:1    | Bought the ring "Foitat Osico" {rF+ rN+ EV+3 Int+6} for 932
                  | gold pieces
 25069 | Elf:1    | Noticed Agnes
 25084 | Elf:1    | Killed Agnes
 25301 | Elf:2    | Reached skill level 15 in Fighting
 25642 | Swamp:1  | Entered Level 1 of the Swamp
 25671 | Swamp:1  | Reached skill level 15 in Armour
 25746 | Swamp:1  | Reached XP level 17. HP: 116/124 MP: 24/24
 28244 | Swamp:4  | Entered Level 4 of the Swamp
 28517 | Swamp:4  | Reached XP level 18. HP: 59/132 MP: 25/25
 28767 | Swamp:4  | Got a decaying rune of Zot
 28846 | Swamp:4  | HP: 5/132 [swamp dragon[a spriggan druid] (16)]
 28846 | Swamp:4  | Mangled by a swamp dragon

Skill      XL: |  1  2  3  4  5  6  7  8  9 10 11 12 13 14 15 16 17 18 |
---------------+-------------------------------------------------------+-----
Armour         | 1 2 3 4 5 6 7 8 10 11 12 14 15 16 | 16.1
Long Blades    | 3 4 5 6 8 9 10 11 12 13 14 | 14.1
Fighting       | 3 4 5 6 7 9 10 11 13 14 15 16 | 16.2
Stealth        | 1 2 3 4 5 |  5.0
Dodging        | 3 4 5 6 7 8 9 10 11 12 13 | 13.1
Spellcasting   | 1 2 3 4 5 |  5.0
Throwing       | 2 3 4 5 |  5.0
Evocations     | 1 2 3 5 |  5.0
Hexes          | 2 4 |  4.7

Action                   |  1- 3 |  4- 6 |  7- 9 | 10-12 | 13-15 | 16-18 || total
-------------------------+-------+-------+-------+-------+-------+-------++-------
Melee: Long sword        |    62 |   311 |   465 |   444 |       |       ||  1282
       Falchion          |       |       |    96 |       |       |       ||    96
       Great sword       |       |       |       |   195 |  1041 |   959 ||  2195
Throw: Throwing net      |       |       |     1 |     3 |       |       ||     4
Invok: Curse Item        |       |       |       |       |       |     2 ||     2
 Abil: Fly               |       |       |       |       |     1 |       ||     1
Evoke: Wand              |       |     2 |       |     8 |    10 |       ||    20
  Use: Scroll            |     2 |     9 |     9 |     2 |    11 |    10 ||    43
       Potion            |       |       |    10 |     5 |    14 |     3 ||    32
 Stab: Paralysed         |       |     5 |       |    16 |     4 |       ||    25
       Held in net/web   |       |       |     1 |     5 |       |       ||     6
       Confused          |       |       |       |       |       |     2 ||     2
       Invisible         |       |       |       |       |       |     1 ||     1
       Sleeping          |       |       |       |       |       |     1 ||     1
  Eat: Chunk             |       |     6 |    18 |    16 |    27 |    20 ||    87
       Ration            |       |       |       |       |     2 |     1 ||     3
Armor: Leather armour    |    28 |       |       |       |       |       ||    28
       Chain mail        |     8 |   294 |   269 |       |       |       ||   571
       Plate armour      |       |       |   217 |   432 |   748 |   663 ||  2060
       Scale mail        |       |       |       |     6 |     9 |       ||    15
       Fire dragon scale |       |       |       |       |    42 |   210 ||   252
Dodge: Dodged            |    31 |   126 |   323 |   304 |  1014 |  1354 ||  3152
       Rpst.: Long sword |    13 |    35 |    90 |    58 |       |       ||   196
       Falchion          |       |       |     8 |       |       |       ||     8
       Great sword       |       |       |       |    24 |   220 |   271 ||   515
